 Dungeon Crawl Stone Soup version 0.19.4-12-gccf7e64 (webtiles) character file.

4162 vatarom the Protected (level 10, -1/60 HPs)
             Began as a Kobold Enchanter on Feb 26, 2017.
             Was a Follower of Uskayaw.
             Killed by divine providence
             ... invoked by an orc priest
              (15 damage)
             ... on level 8 of the Dungeon.
             The game lasted 00:27:18 (10490 turns).

vatarom the Protected (Kobold Enchanter)           Turns: 10490, Time: 00:27:19

Health: -1/60      AC:  6    Str: 10    XL:     10   Next: 52%
Magic:  7/13       EV: 23    Int: 21    God:    Uskayaw [*.....]
Gold:   345        SH:  0    Dex: 15    Spells: 5 memorised, 1 level left

rFire  . . .     SeeInvis .     g - +3 dagger (speed)
rCold  . . .     Gourm    .     b - +0 robe
rNeg   . . .     Faith    +     (shield restricted)
rPois  .         Spirit   .     i - +2 hat
rElec  .         Reflect  .     (no cloak)
rCorr  .         Harm     .     (no gloves)
MR     .....                    o - +0 pair of boots
Stlth  +++.......               w - amulet of faith
                                m - +5 ring of evasion
                                e - +5 ring of intelligence

@: very slightly contaminated, hasted, very quick
A: carnivore 3, mutation resistance 1, wild magic 1
a: Stomp, Renounce Religion


You were on level 8 of the Dungeon.
You worshipped Uskayaw.
Uskayaw was noncommittal.
You were not hungry.

You visited 2 branches of the dungeon, and saw 9 of its levels.

You collected 345 gold pieces.

Inventory:

Hand Weapons
 g - a +3 dagger of speed (weapon)
Armour
 b - a +0 robe (worn)
 i - a +2 hat (worn)
 o - a +0 pair of boots (worn)
Jewellery
 e - a +5 ring of intelligence (left hand)
 h - an uncursed ring of protection from fire
 m - a +5 ring of evasion (right hand)
 p - an uncursed amulet of regeneration
 w - an amulet of faith (around neck)
 y - an uncursed ring of protection from fire
Wands
 a - a wand of slowing (20/48)
 t - a wand of teleportation (4/9)
 v - a wand of lightning (5/15)
Scrolls
 n - 3 scrolls of remove curse
 r - 3 scrolls of amnesia
 s - a scroll of identify
Potions
 f - a potion of agility
 A - a potion of magic
Books
 c - a book of Maledictions

   Spells                             Type                      Level
   a - Corona                         Hexes                        1
   b - Ensorcelled Hibernation        Hexes/Ice                    2
   c - Confuse                        Hexes                        3
   d - Tukima's Dance                 Hexes                        3
   e - Dazzling Spray                 Conjuration/Hexes            3
Comestibles
 d - 6 meat rations
 j - 7 slices of pizza
 l - 3 beef jerkies
 u - a royal jelly


   Skills:
 - Level 5.7 Fighting
 + Level 6.3 Short Blades
 - Level 8.5 Armour
 - Level 6.1 Dodging
 - Level 6.6 Stealth
 - Level 2.1 Spellcasting
 - Level 5.5 Hexes


You had one spell level left.
You knew the following spells:

 Your Spells              Type           Power        Failure   Level  Hunger
a - Corona                Hex            ####...      2%          1    #......
b - Ensorcelled Hibernat  Hex/Ice        ###...       14%         2    ##.....
c - Dazzling Spray        Conj/Hex       ###...       24%         3    ###....
d - Confuse               Hex            ####....     8%          3    ###....
e - Tukima's Dance        Hex            ####....     8%          3    ###....


Dungeon Overview and Level Annotations

Branches:
Dungeon (8/15)             Temple (1/1) D:7
   Lair: D:8-11

Altars:
Ashenzari
Cheibriados
Dithmenos
Elyvilon
Fedhas
Gozag
Hepliaklqana
Kikubaaqudgha
Makhleb
Nemelex Xobeh
Okawaru
Qazlal
Ru
Sif Muna
Uskayaw
Vehumet
Xom
Yredelemnul
Zin
The Shining One

Shops:
D:4 *


Innate Abilities, Weirdness & Mutations

You are small and have problems with some larger weapons.
You are carnivorous and can eat meat at any time.
You are somewhat resistant to further mutation.
Your spells are a little harder to cast, but a little more powerful.


Message History

You can no longer pass through a line of other dancers.
You hit the yak.
The yak is moderately wounded.
The orc priest casts a cantrip, but nothing happens.
The yak gores you!
* * * LOW HITPOINT WARNING * * *
You hit the yak.
The yak is moderately wounded.
Casting: Confuse
Confirm with . or Enter, or press ? or * to list all spells.
Aiming: Ensorcelled Hibernation
Press: ? - help, Shift-Dir - straight line, f/p - yak
Aim: a yak (moderately wounded, chance to defeat MR: 48%)
The yak resists with some effort.
The yak gores you!
* * * LOW HITPOINT WARNING * * *
You feel better. The yak completely misses you.
You feel yourself speed up. The yak barely misses you.
The orc priest mumbles some strange prayers to Beogh against you.
Beogh smites you!
You die...

##### ###...###
#E#...#E#
#########...####
#..............##
#........._.....#
#...............#
#.....###...###@#
#.....#E#...#E#Y######
###.#####...###oY..o.#
####.#####.###
######.# ........##(#
#.# ####..#.##.# #o#
.# #..#.##.###.# #)#
.###...........# #Y#
...........##### #s#


You could see a water elemental, a yak, an ice beast and an orc priest.

Vanquished Creatures
  Pikel (D:7)
  A troll (D:8)
  A human (D:7)
  Sigmund (D:7)
  4 hogs (D:7)
  A hungry ghost (D:7)
  A hornet zombie (D:6)
  2 ice beasts
  A phantom (D:6)
  2 ogres (D:6)
  5 centaurs
  A bullfrog (D:7)
  A wyvern zombie (D:6)
  2 scorpions
  A wight (D:7)
  A howler monkey (D:3)
  3 crimson imps
  A bullfrog zombie (D:6)
  A quasit (D:8)
  2 jellies (D:5)
  3 orc priests
  A hound (D:7)
  2 bullfrog skeletons
  A gnoll shaman (D:5)
  7 orc wizards
  A water moccasin simulacrum (D:8)
  An iguana (D:6)
  3 worker ants
  A worker ant zombie (D:5)
  20 gnolls
  16 adders
  2 shadow imps
  2 oozes
  4 worms
  2 dart slugs
  6 leopard geckos
  32 orcs
  7 giant cockroaches
  9 goblins
  9 hobgoblins
  11 jackals
  5 quokkas
  2 ball pythons
  10 bats
  7 frilled lizards
  9 kobolds
  A quokka skeleton (D:5)
  6 rats
213 creatures vanquished.

Vanquished Creatures (others)
  An ogre (D:7)
  2 wights (D:7)
  A white imp (D:8)
  A plant (D:7)
5 creatures vanquished.

Grand Total: 218 creatures vanquished

Notes
Turn   | Place    | Note
-------+----------+-------------------------------------------
     0 | D:1      | vatarom the Kobold Enchanter began the quest for the Orb.
     0 | D:1      | Reached XP level 1. HP: 10/10 MP: 3/3
   363 | D:1      | Reached skill level 1 in Fighting
   363 | D:1      | Reached XP level 2. HP: 16/16 MP: 5/5
   367 | D:1      | Learned a level 2 spell: Ensorcelled Hibernation
  1111 | D:2      | Reached XP level 3. HP: 11/21 MP: 0/6
  1875 | D:2      | Reached XP level 4. HP: 26/26 MP: 4/7
  1908 | D:2      | Learned a level 3 spell: Dazzling Spray
  2691 | D:2      | Reached XP level 5. HP: 30/30 MP: 5/8
  3309 | D:2      | Found a deep blue altar of Sif Muna.
  3836 | D:3      | Reached XP level 6. HP: 36/36 MP: 9/9
  4114 | D:3      | Found an iron altar of Okawaru.
  4468 | D:3      | Found a snail-covered altar of Cheibriados.
  4589 | D:3      | Found a white marble altar of Elyvilon.
  4679 | D:3      | Gained mutation: Your spells are a little harder to cast, but a little more powerful. [potion of mutation]
  4679 | D:3      | Gained mutation: You are somewhat resistant to further mutation. [potion of mutation]
  4843 | D:4      | Found Zaitraw's Assorted Antiques.
  4886 | D:4      | Reached skill level 5 in Fighting
  4886 | D:4      | Reached XP level 7. HP: 38/44 MP: 3/10
  5002 | D:4      | Found a stormy altar of Qazlal.
  5002 | D:4      | Found a blossoming altar of Fedhas.
  5025 | D:4      | Noticed Sigmund
  5436 | D:4      | Found an opulent altar of Gozag.
  5682 | D:4      | Found a glowing golden altar of the Shining One.
  6027 | D:5      | Entered Level 5 of the Dungeon
  6093 | D:5      | Reached skill level 5 in Hexes
  6578 | D:5      | Reached XP level 8. HP: 51/51 MP: 8/11
  6975 | D:5      | Reached skill level 5 in Dodging
  7319 | D:6      | Learned a level 3 spell: Confuse
  7459 | D:6      | Reached skill level 5 in Stealth
  7894 | D:6      | Reached skill level 1 in Armour
  8159 | D:6      | Reached skill level 2 in Armour
  8159 | D:6      | Reached XP level 9. HP: 55/55 MP: 0/12
  8317 | D:6      | Reached skill level 3 in Armour
  8656 | D:6      | Reached skill level 4 in Armour
  8805 | D:7      | Killed Sigmund
  8816 | D:7      | Reached skill level 5 in Armour
  8920 | D:7      | Noticed Pikel
  8940 | D:7      | Killed Pikel
  8940 | D:7      | Reached skill level 6 in Armour
  9054 | D:7      | Reached skill level 7 in Armour
  9054 | D:7      | Reached XP level 10. HP: 51/60 MP: 1/13
  9291 | D:7      | Found a sacrificial altar of Ru.
  9466 | D:7      | Learned a level 3 spell: Tukima's Dance
  9477 | D:7      | Found a glowing silver altar of Zin.
  9554 | D:7      | Found a staircase to the Ecumenical Temple.
  9575 | Temple   | Entered the Ecumenical Temple
  9692 | Temple   | Became a worshipper of Uskayaw the Reveler
  9725 | D:7      | Reached * piety under Uskayaw
  9742 | D:7      | Reached ** piety under Uskayaw
  9763 | D:7      | Reached skill level 8 in Armour
  9763 | D:7      | Reached *** piety under Uskayaw
  9906 | D:7      | Found a blossoming altar of Fedhas.
 10227 | D:8      | Reached skill level 5 in Short Blades
 10229 | D:8      | Found an ancient bone altar of Kikubaaqudgha.
 10334 | D:8      | Found a stormy altar of Qazlal.
 10406 | D:8      | Reached **** piety under Uskayaw
 10490 | D:8      | Killed from afar by an orc priest

Skill      XL: |  1  2  3  4  5  6  7  8  9 10 |
---------------+-------------------------------+-----
Fighting       | 1 2 5 |  5.7
Hexes          | 4 5 |  5.5
Short Blades   | 2 4 6 |  6.3
Dodging        | 3 6 |  6.1
Stealth        | 6 |  6.6
Armour         | 2 7 8 |  8.5
Spellcasting   | |  2.1

Action                   |  1- 3 |  4- 6 |  7- 9 | 10-12 || total
-------------------------+-------+-------+-------+-------++-------
Melee: Dagger            |   135 |   310 |   584 |   242 ||  1271
 Cast: Corona            |     3 |       |     5 |     2 ||    10
       Ensorcelled Hiber |    13 |    39 |    31 |     6 ||    89
       Dazzling Spray    |       |     2 |     9 |     2 ||    13
       Confuse           |       |       |    31 |    12 ||    43
  Use: Potion            |     5 |     5 |     5 |     6 ||    21
       Scroll            |     2 |     9 |     1 |     5 ||    17
 Stab: Sleeping          |     5 |    22 |    16 |     3 ||    46
       Invisible         |       |     2 |     1 |       ||     3
       Distracted        |       |       |     1 |       ||     1
       Confused          |       |       |    22 |     7 ||    29
       Paralysed         |       |       |       |     5 ||     5
  Eat: Chunk             |    12 |    13 |    18 |     5 ||    48
       Meat ration       |       |       |       |     1 ||     1
Armor: Robe              |    20 |    32 |    40 |    23 ||   115
Dodge: Dodged            |    88 |   225 |   351 |   167 ||   831
